 Dungeon Crawl Stone Soup version 0.29.0-4-gdea44cf6ec (webtiles) character file.

Game seed: 8758585481909034093

77 qw the Ruffian (level 4, -13/35 HPs)
             Began as a Ghoul Fire Elementalist on Aug 29, 2022.
             Killed by divine providence
             ... invoked by an orc priest
              (16 damage)
             ... on level 4 of the Dungeon.
             The game lasted 00:02:00 (2401 turns).

qw the Ruffian (Ghoul Fire Elementalist)            Turns: 2401, Time: 00:02:00

Health: -13/35     AC: 10    Str: 13    XL:     4   Next: 33%
Magic:  5/5        EV:  5    Int: 10    God:
Gold:   125        SH:  0    Dex:  9    Spells: 5/6 levels left

rFire   . . .      SeeInvis .     - Unarmed
rCold   + . .      Faith    .   (no shield)
rNeg    + + +      Spirit   .   b - +0 chain mail
rPois   inf        Reflect  .   (no helmet)
rElec   .          Harm     .   (no cloak)
rCorr   .          Rampage  .   i - +0 pair of gloves
Will    .....                   j - +0 pair of boots
Stlth   ..........              (no amulet)
HPRegen 0.00/turn               (no ring)
MPRegen 0.09/turn               (no ring)

@: inhibited regen
A: claws 1, cold resistance 1, negative energy resistance 3, inhibited
regeneration, torment resistance 2, devour on kill
a: no special abilities


You were on level 4 of the Dungeon.
You visited 1 branch of the dungeon, and saw 4 of its levels.

You collected 125 gold pieces.


Innate Abilities, Weirdness & Mutations

You are immune to poison.
You have sharp fingernails.
Your flesh is cold resistant. (rC+)
You are immune to negative energy. (rN+++)
You do not regenerate when monsters are visible.
You are immune to unholy pain and torment.
You thrive by killing the living.


   Skills:
 - Level 1.2 Fighting
 + Level 0.3 Armour
 - Level 1.7 Dodging
 - Level 2.1 Stealth
 - Level 3.8 Unarmed Combat
 - Level 1.7 Spellcasting
 - Level 0.7 Conjurations
 - Level 2.4 Fire Magic


You had 5 spell levels left.
You knew the following spells:

 Your Spells              Type           Power      Damage    Failure   Level
a - Foxfire               Conj/Fire      16%        2x1d4     99%         1

Your spell library contained the following spells:

 Spells                   Type           Power      Damage    Failure   Level
 Scorch                   Fire           10%        2d5       100%        2
 Conjure Flame            Conj/Fire      4%         6-21      100%        3
 Inner Flame              Hex/Fire       3%         N/A       100%        3
 Flame Wave               Conj/Fire      4%         2d5       100%        4

Inventory:

Armour
 b - a +0 chain mail (worn)
 i - a +0 pair of gloves (worn)
 j - a +0 pair of boots (worn)
Scrolls
 d - a scroll of identify
 h - a scroll of enchant weapon
Potions
 f - 2 potions of curing
 k - a potion of ambrosia {unknown}

Dungeon Overview and Level Annotations

Branches:
Dungeon (3/15)

Altars:


Message History

The orc priest is moderately wounded.
The orc hits you but does no damage.
The orc priest hits you but does no damage.
You hit the orc priest.
The orc priest is moderately wounded.
The orc hits you but does no damage. The orc priest barely misses you.
You hit the orc priest.
The orc priest is heavily wounded.
The orc hits you with a +0 club. The orc priest hits you with a +0 club.
You closely miss the orc priest.
The orc priest is heavily wounded.
The orc hits you but does no damage. The orc priest hits you with a +0 club.
You closely miss the orc priest.
The orc priest is heavily wounded.
The orc hits you but does no damage.
The orc wizard gestures wildly while chanting.
The orc wizard flickers and vanishes!
Deactivating autopickup; reactivate with Ctrl-A.
The orc priest hits you but does no damage.
You hit the orc priest but do no damage.
The orc priest is heavily wounded.
The orc hits you with a +0 club. The orc priest barely misses you.
You barely miss the orc priest.
The orc priest is heavily wounded.
The orc priest looks braver for a moment.
The orc closely misses you.
You barely miss the orc priest.
The orc priest is heavily wounded.
The orc hits you with a +0 club.
The orc priest hits you but does no damage.
You hit the orc priest but do no damage.
The orc priest is heavily wounded.
The orc barely misses you.
The orc priest hits you but does no damage.
You hit the orc priest.
The orc priest is heavily wounded.
The orc hits you but does no damage.
The orc priest invokes the aid of Beogh against you.
Beogh smites you!
You die...

......# ......#
......# ..
......# ...
......#
...######.o....#
.......@#......#
.......oo{o....+
........#J.....#
........#......#
........#......#
........#.......
........#.......
........#.......
........#.......


You could see an orc priest, 2 orcs and an endoplasm.

Vanquished Creatures
  2 adders (D:2)
  A dart slug (D:2)
  An orc (D:4)
  3 ball pythons
  3 bats
  7 endoplasms
  2 giant cockroaches
  11 goblins
  5 hobgoblins (D:2)
  3 kobolds
  2 quokkas
  4 frilled lizards
  6 rats
50 creatures vanquished.

Notes
Turn   | Place    | Note
-------+----------+-------------------------------------------
     0 | D:1      | qw the Ghoul Fire Elementalist began the quest for the Orb.
     0 | D:1      | Reached XP level 1. HP: 14/14 MP: 2/2
     0 | D:1      | 0 ||| qw: Version: 0.1-a-90-g952f4b7
     0 | D:1      | 0 ||| qw: Game counter: 3787
     0 | D:1      | 0 ||| qw: Always use a shield: true
     0 | D:1      | 0 ||| qw: God list: Okawaru
     0 | D:1      | 0 ||| qw: Allow faded altars: false
     0 | D:1      | 0 ||| qw: Do Orc after D:15 true
     0 | D:1      | 0 ||| qw: Do second Lair branch before Depths: true
     0 | D:1      | 0 ||| qw: Lair rune preference: random
     0 | D:1      | 0 ||| qw: Plans: Normal
     0 | D:1      | 0 ||| PLANNING D:1-11
    56 | D:1      | Reached skill level 1 in Unarmed Combat
   265 | D:1      | Reached skill level 1 in Fighting
   265 | D:1      | Reached XP level 2. HP: 23/23 MP: 3/3
   764 | D:1      | 764 ||| Stepping ~*~*~tactically~*~*~ (stealth).
   767 | D:1      | 767 ||| Stepping ~*~*~tactically~*~*~ (stealth).
   770 | D:1      | 770 ||| Stepping ~*~*~tactically~*~*~ (stealth).
   777 | D:1      | Reached skill level 2 in Unarmed Combat
  1037 | D:1      | 1037 ||| READING 2 scrolls labelled QUOL HUDDANIUNT.
  1038 | D:1      | 1038 ||| READING scroll labelled ZOXOFI LECOUM.
  1039 | D:1      | 1039 ||| READING scroll labelled FEUKIF WEXZUE.
  1040 | D:1      | 1040 ||| DRINKING 2 bubbling sapphire potions.
  1041 | D:1      | 1041 ||| DROPPING potion of magic.
  1121 | D:2      | 1121 ||| Stepping ~*~*~tactically~*~*~ (stealth).
  1122 | D:2      | 1122 ||| Stepping ~*~*~tactically~*~*~ (stealth).
  1124 | D:2      | 1124 ||| Stepping ~*~*~tactically~*~*~ (stealth).
  1126 | D:2      | 1126 ||| Stepping ~*~*~tactically~*~*~ (stealth).
  1131 | D:2      | 1131 ||| Stepping ~*~*~tactically~*~*~ (stealth).
  1139 | D:2      | 1139 ||| Stepping ~*~*~tactically~*~*~ (stealth).
  1141 | D:2      | 1141 ||| Stepping ~*~*~tactically~*~*~ (stealth).
  1147 | D:2      | Reached XP level 3. HP: 28/28 MP: 4/4
  1148 | D:2      | 1148 ||| Stepping ~*~*~tactically~*~*~ (stealth).
  1150 | D:2      | 1150 ||| Stepping ~*~*~tactically~*~*~ (stealth).
  1152 | D:2      | 1152 ||| Stepping ~*~*~tactically~*~*~ (stealth).
  1233 | D:2      | 1233 ||| Stepping ~*~*~tactically~*~*~ (stealth).
  1254 | D:2      | 1254 ||| Stepping ~*~*~tactically~*~*~ (stealth).
  1396 | D:2      | 1396 ||| Stepping ~*~*~tactically~*~*~ (outnumbered).
  1402 | D:2      | Reached skill level 3 in Unarmed Combat
  1402 | D:2      | 1402 ||| Stepping ~*~*~tactically~*~*~ (outnumbered).
  1403 | D:2      | 1403 ||| Stepping ~*~*~tactically~*~*~ (outnumbered).
  1404 | D:2      | 1404 ||| Stepping ~*~*~tactically~*~*~ (outnumbered).
  1405 | D:2      | 1405 ||| Stepping ~*~*~tactically~*~*~ (outnumbered).
  1410 | D:2      | HP: 6/28 [frozen (2)]
  1722 | D:2      | Reached XP level 4. HP: 25/35 MP: 5/5
  2178 | D:2      | 2178 ||| UPGRADING to +0 chain mail.
  2188 | D:2      | 2188 ||| DROPPING +0 robe.
  2189 | D:2      | 2189 ||| UPGRADING to +0 pair of gloves.
  2194 | D:2      | 2194 ||| UPGRADING to +0 pair of boots.
  2199 | D:2      | 2199 ||| READING scroll labelled EQUGOS OME.
  2200 | D:2      | 2200 ||| READING 2 scrolls labelled PUDDES GIEHEOW.
  2201 | D:2      | 2201 ||| READING scroll labelled NUSEGE JUNNIE.
  2202 | D:2      | 2202 ||| READING 2 scrolls of identify.
  2202 | D:2      | 2202 ||| IDENTIFYING silvery potion
  2203 | D:2      | 2203 ||| DROPPING potion of degeneration.
  2241 | D:3      | 2241 ||| Stepping ~*~*~tactically~*~*~ (stealth).
  2242 | D:3      | 2242 ||| Stepping ~*~*~tactically~*~*~ (stealth).
  2243 | D:3      | 2243 ||| Stepping ~*~*~tactically~*~*~ (stealth).
  2252 | D:3      | 2252 ||| Stepping ~*~*~tactically~*~*~ (outnumbered).
  2253 | D:3      | 2253 ||| Stepping ~*~*~tactically~*~*~ (outnumbered).
  2255 | D:3      | 2255 ||| Stepping ~*~*~tactically~*~*~ (outnumbered).
  2257 | D:3      | 2257 ||| Stepping ~*~*~tactically~*~*~ (outnumbered).
  2258 | D:3      | 2258 ||| Stepping ~*~*~tactically~*~*~ (outnumbered).
  2259 | D:3      | 2259 ||| Stepping ~*~*~tactically~*~*~ (outnumbered).
  2260 | D:3      | 2260 ||| Stepping ~*~*~tactically~*~*~ (hiding).
  2264 | D:3      | 2264 ||| Stepping ~*~*~tactically~*~*~ (outnumbered).
  2265 | D:3      | 2265 ||| Stepping ~*~*~tactically~*~*~ (hiding).
  2266 | D:3      | 2266 ||| Stepping ~*~*~tactically~*~*~ (hiding).
  2267 | D:3      | 2267 ||| Stepping ~*~*~tactically~*~*~ (outnumbered).
  2267 | D:3      | You fall into a shaft and drop 1 floor!
  2386 | D:4      | 2386 ||| Stepping ~*~*~tactically~*~*~ (outnumbered).
  2395 | D:4      | HP: 7/35 [orc priest/+0 club (2)]
  2399 | D:4      | HP: 3/35 [orc/+0 club (1)]
  2401 | D:4      | Killed from afar by an orc priest

Levels and vault maps discovered:
D:1:      dpeg_arrival_tiny_i, layout_loops_ring
D:2:      cheibrodos_greedy_goblins, layout_basic
D:3:      layout_rooms, serial_shops, shop, uniq_grinder
D:4:      layout_gridville, uniq_eustachio

Skill      XL: |  1  2  3 |
---------------+----------+-----
Unarmed Combat | 1 2 3 |  3.8
Fighting       | 1 |  1.2
Armour         | |  0.3
Dodging        | |  1.7
Stealth        | |  2.1
Spellcasting   | |  1.7
Conjurations   | |  0.7
Fire Magic     | |  2.4

Action                   |  1- 3 |  4- 6 || total
-------------------------+-------+-------++-------
Melee: Unarmed           |   133 |    47 ||   180
       Punch             |     1 |       ||     1
  Use: Scroll            |     3 |     4 ||     7
       Potion            |     1 |       ||     1
Armor: Robe              |    29 |     3 ||    32
       Chain mail        |       |    29 ||    29
Dodge: Dodged            |    85 |    20 ||   105

Table legend:
 A = Non-vault XP
 B = Vault XP
 C = Vault XP percentage of total XP
 D = Non-vault monster count
 E = Vault monster count
 F = Vault count percentage of total count
                 A         B        C        D         E       F
            +---------+---------+-------+---------+---------+-------
      Total |      84 |      26 |  23.6 |      37 |      13 |  26.0
            +---------+---------+-------+---------+---------+-------
        D:1 |      28 |       0 |   0.0 |      17 |       0 |   0.0
        D:2 |      49 |      26 |  34.7 |      17 |      13 |  43.3
        D:3 |       4 |       0 |   0.0 |       2 |       0 |   0.0
        D:4 |       3 |       0 |   0.0 |       1 |       0 |   0.0
            +---------+---------+-------+---------+---------+-------
